 Dungeon Crawl Stone Soup version 0.24-a0-537-g2d01d4ab0a (webtiles) character file.

Game seed: 6186601585278971746

2 Mithandil the Thaumaturge (level 1, 0/13 HPs)
             Began as a Gnoll Wanderer on Aug 13, 2019.
             Slain by a kobold (3 damage)
             ... on level 1 of the Dungeon.
             The game lasted 00:00:46 (110 turns).

Mithandil the Thaumaturge (Gnoll Wanderer)           Turns: 110, Time: 00:00:47

Health: 0/13       AC:  2    Str: 15    XL:     1   Next: 40%
Magic:  3/10       EV: 11    Int: 13    God:
Gold:   12         SH:  0    Dex: 14    Spells: 17/18 levels left

rFire    . . .     SeeInvis .   a - +0 club
rCold    . . .     Gourm    .   (no shield)
rNeg     . . .     Faith    .   c - +0 robe
rPois    .         Spirit   .   (no helmet)
rElec    .         Reflect  .   (no cloak)
rCorr    .         Harm     .   (no gloves)
MR       .....                  (no boots)
Stlth    +.........             (no amulet)
HPRegen  0.04/turn              (no ring)
MPRegen  0.12/turn              (no ring)

@: very slightly contaminated
A: distributed training, fangs 1, strong nose
a: no special abilities


You were on level 1 of the Dungeon.
You were not hungry.

You visited 1 branch of the dungeon, and saw 1 of its levels.

You collected 12 gold pieces.

Inventory:

Hand Weapons
 a - a +0 club (weapon)
Armour
 c - a +0 robe (worn)
Potions
 b - a potion of lignification
Comestibles
 d - a chunk of flesh
 f - a ration


   Skills:
 + Level 0.0 Fighting
 + Level 0.0 Short Blades
 + Level 0.0 Long Blades
 + Level 0.0 Axes
 + Level 0.0 Maces & Flails
 + Level 0.0 Polearms
 + Level 0.0 Staves
 + Level 0.0 Slings
 + Level 0.0 Bows
 + Level 0.0 Crossbows
 + Level 2.3 Throwing
 + Level 0.0 Armour
 + Level 0.0 Dodging
 + Level 0.0 Stealth
 + Level 2.3 Shields
 + Level 0.0 Unarmed Combat
 + Level 9.2 Spellcasting
 + Level 0.0 Conjurations
 + Level 0.0 Hexes
 + Level 5.3 Charms
 + Level 1.9 Summonings
 + Level 0.0 Necromancy
 + Level 0.0 Translocations
 + Level 0.0 Transmutations
 + Level 0.0 Fire Magic
 + Level 0.0 Ice Magic
 + Level 0.0 Air Magic
 + Level 0.0 Earth Magic
 + Level 0.0 Poison Magic
 + Level 0.1 Invocations
 + Level 0.0 Evocations


You had 17 spell levels left.
You knew the following spells:

 Your Spells              Type           Power        Failure   Level  Hunger
a - Magic Dart            Conj           #...         12%         1    None

Your spell library contained the following spells:

 Spells                   Type           Power        Failure   Level  Hunger
 Call Imp                 Summ           ##......     9%          2    None
 Blink                    Tloc           N/A          19%         2    None
 Slow                     Hex            #.......     19%         2    None
 Conjure Flame            Conj/Fire      #.......     34%         3    ##.....
 Mephitic Cloud           Conj/Pois/Air  #.......     34%         3    ##.....


Dungeon Overview and Level Annotations

Branches:
Dungeon (1/15)

Altars:


Innate Abilities, Weirdness & Mutations

Your experience applies equally to all skills.
You have very sharp teeth.
Your uncanny sense of smell can sniff out nearby items.


Message History

Aim: a jackal (severely wounded)
The magic dart hits the jackal.
You kill the jackal!
Casting: Magic Dart (safe; 12% risk of failure)
Confirm with . or Enter, or press ? or * to list all spells.
Aiming: Magic Dart (safe; 12% risk of failure)
Press: ? - help, Shift-Dir - straight line, f - kobold
Aim: a kobold The magic dart hits the kobold.
The kobold is moderately wounded.
The kobold hits you but does no damage.
Casting: Magic Dart (safe; 12% risk of failure)
Confirm with . or Enter, or press ? or * to list all spells.
Aiming: Magic Dart (safe; 12% risk of failure)
Press: ? - help, Shift-Dir - straight line, f/p - kobold
Aim: a kobold (moderately wounded)
The magic dart hits the kobold but does no damage.
The kobold is moderately wounded.
The kobold hits you.
You die...

#. #. .. #. #.
..
.#####.####....
........Kw..#
#@# #.#
###รท###
#.8.8.# #.....#
#.....# #.8.8.#
#.....#
##.....##


You could see a dart slug and a kobold.

Vanquished Creatures
  2 jackals (D:1)
2 creatures vanquished.

Notes
Turn   | Place    | Note
-------+----------+-------------------------------------------
     0 | D:1      | Reached skill level 9 in Spellcasting
     0 | D:1      | Mithandil the Gnoll Wanderer began the quest for the Orb.
     0 | D:1      | Mithandil set off with the following items: a +0 club, a
                  | potion of lignification, a +0 robe, a ration; and the
                  | following spell memorised: Magic Dart; and the following
                  | spells available to memorise: Call Imp, Blink, Slow,
                  | Conjure Flame, Mephitic Cloud
     0 | D:1      | Reached XP level 1. HP: 13/13 MP: 10/10
   110 | D:1      | Slain by a kobold

Levels and vault maps discovered:
D:1:      elethiomel_arrival_quiet, layout_basic, hex_medium,
          minmay_misc_feat_roman

Skill      XL: | |
---------------+-+-----
Spellcasting   | |  9.2
Throwing       | |  2.3
Shields        | |  2.3
Charms         | |  5.3
Summonings     | |  1.9
Invocations    | |  0.1

Action                   || total
-------------------------++-------
Melee: Club              ||     2
 Cast: Magic Dart        ||     9
Armor: Robe              ||     2
Dodge: Dodged            ||     2

Table legend:
 A = Non-vault XP
 B = Vault XP
 C = Vault XP percentage of total XP
 D = Non-vault monster count
 E = Vault monster count
 F = Vault count percentage of total count
                 A         B        C        D         E       F
            +---------+---------+-------+---------+---------+-------
      Total |       4 |       0 |   0.0 |       2 |       0 |   0.0
            +---------+---------+-------+---------+---------+-------
        D:1 |       4 |       0 |   0.0 |       2 |       0 |   0.0
            +---------+---------+-------+---------+---------+-------
